 Dungeon Crawl Stone Soup version 0.31.0-32-g396128a36d (webtiles) character file.

Game seed: 4418832935913973584

4525 nitefall the Cleaver (level 10, -7/132 HPs)
             Began as a Minotaur Berserker on Apr 6, 2024.
             Was an Elder of Trog.
             Mangled by a komodo dragon (9 damage)
             ... while petrified by a basilisk
             ... on level 8 of the Dungeon on Apr 12, 2024.
             The game lasted 00:15:52 (5621 turns).

nitefall the Cleaver (Minotaur Berserker)           Turns: 5621, Time: 00:15:52

Health: -7/132     AC: 16    Str: 28    XL:     10   Next: 17%
Magic:  9/9        EV:  2    Int:  6    God:    Trog [****..]
Gold:   145        SH:  0    Dex: 14    Spells: 9/9 levels left

rFire   + . .        P - +0 broad axe
rCold   . . .        d - +0 kite shield
rNeg    + + +        v - +1 plate armour "Renil" {Regen+ rCorr Int+2 Stlth-}
rPois   ∞            (helmet restricted)
rElec   .            (no cloak)
rCorr   +            j - +1 pair of gloves
SInv    .            (no boots)
Will    .....        (no amulet) Stlth
                     M - ring of protection from fire
HPRegen 1.22/turn    C - +6 ring of strength
MPRegen 0.11/turn

%: no passive effects
@: berserking (expiring), petrified
A: horns 2, retaliatory headbutt
a: Renounce Religion, Berserk, Trog's Hand, Brothers in Arms


You were on level 8 of the Dungeon.
You worshipped Trog.
Trog was greatly pleased with you.
You visited 1 branch of the dungeon, and saw 8 of its levels.
You also visited: Sewer.

You collected 494 gold pieces.
You spent 349 gold pieces at shops.

Inventory:

Hand Weapons
 L - a +0 war axe
 P - a +0 broad axe (weapon)
Missiles
 p - 4 atropa-tipped darts
 s - 4 poisoned darts (quivered)
 w - 11 boomerangs
 I - a throwing net
Armour
 b - +0 swamp dragon scales
 d - a +0 kite shield (worn)
 j - a +1 pair of gloves (worn)
 v - the +1 plate armour "Renil" (worn) {Regen+ rCorr Int+2 Stlth-}
   (You found it on level 3 of the Dungeon)

   Int+2:     It affects your intelligence (+2).
   Regen+:    It increases your rate of health regeneration.
   rCorr:     It protects you from acid and corrosion.
   Stlth-:    It makes you less stealthy.
 K - a +0 tower shield
Jewellery
 a - a +4 ring of protection
 z - a ring of positive energy
 C - a +6 ring of strength (right hand)
 M - a ring of protection from fire (left hand)
 O - a ring of ice
Wands
 D - a wand of flame (50)
 G - a wand of polymorph (23)
 N - a wand of charming (4)
Scrolls
 c - 3 scrolls of noise
 e - 2 scrolls of amnesia {unknown}
 f - 6 scrolls of fog
 h - a scroll of fear {unknown}
 k - a scroll of butterflies
 l - 2 scrolls of vulnerability {unknown}
 u - a scroll of poison {unknown}
 y - a scroll of enchant armour {unknown}
 A - a scroll of revelation
 B - a scroll of blinking
 E - 2 scrolls of enchant weapon
 H - 5 scrolls of teleportation
 J - 2 scrolls of immolation {unknown}
Potions
 g - 2 potions of berserk rage
 i - a potion of brilliance {unknown}
 m - a potion of magic {unknown}
 n - a potion of attraction
 o - 2 potions of ambrosia
 q - a potion of heal wounds {unknown}
 r - a potion of mutation {unknown}
 t - a potion of might {unknown}
 x - a potion of resistance {unknown}
 F - 3 potions of curing


   Skills:
 - Level 8.0 Fighting
 + Level 9.5 Axes
 - Level 8.0 Armour
 - Level 8.0 Dodging
 - Level 8.0 Shields


You had 9 spell levels left.
You didn't know any spells.
Your spell library was empty.

Dungeon Overview and Level Annotations

Branches:
Dungeon (8/15)             Temple (0/1) D:7           Sewer (visited)
   Lair: D:8-11

Altars:
Cheibriados
Fedhas
Makhleb
Nemelex Xobeh
Ru
Trog
Uskayaw
Yredelemnul
Zin

Shops:
D:4 ?   D:7 ((*


Innate Abilities, Weirdness & Mutations

You have a pair of horns on your head.
You reflexively headbutt those who attack you in melee.


Message History

You block the basilisk's attack. You block the komodo dragon's attack.
The komodo dragon closely misses you.
You slice the basilisk!!
The basilisk is almost dead.
You slice the komodo dragon!!
You hit the komodo dragon but do no damage.
The basilisk gazes at you.
You are slowing down.
You slice the komodo dragon!!
You kill the komodo dragon!
Trog accepts your kill.
You hit the komodo dragon. You barely miss the basilisk.
The komodo dragon bites you!
* * * LOW HITPOINT WARNING * * *
The basilisk gazes at you.
Your limbs have turned to stone.
You have turned to stone.
Training target 8.0 for Dodging reached!
Your Dodging skill increases to level 8!
The komodo dragon bites you but does no damage.
The basilisk hisses menacingly.
The basilisk bites you but does no damage.
The komodo dragon bites you.
* * * LOW HITPOINT WARNING * * *
The basilisk bites you.
* * * LOW HITPOINT WARNING * * *
The komodo dragon completely misses you.
The basilisk bites you.
* * * LOW HITPOINT WARNING * * *
The komodo dragon bites you!
* * * LOW HITPOINT WARNING * * *
The basilisk bites you but does no damage.
The komodo dragon bites you!!
* * * LOW HITPOINT WARNING * * *
The basilisk bites you but does no damage.
The komodo dragon bites you!!
* * * LOW HITPOINT WARNING * * *
The basilisk gazes at you. You resist with some effort.
The komodo dragon bites you!!
You die...

............>)....#.#..#......#.#
.............#......#..........##
........##...##...........^....#
.......###...#####..#.........##
############### ##############
#.###.#.### # ###.........###.#.#
#.....###...l†...#.# ####..####
#°#.@l...... ##...###
##.####..... ..#### ### .#.. ##.#
. ###


You could see a komodo dragon and a basilisk.

Vanquished Creatures
  Pikel (D:7)
  Maggie (D:6)
  Jeremiah (D:8)
  A komodo dragon (D:8)
  A shadow (D:5)
  A wyvern (D:8)
  A water moccasin (D:8)
  A swamp drake (D:8)
  Pargi (Sewer)
  2 orc warriors
  2 sky beasts
  2 ogres
  A phantom (D:5)
  A kobold brigand (D:7)
  2 brain worms (Sewer)
  2 wyvern zombies (D:6)
  A bullfrog (D:8)
  4 scorpions
  A water moccasin zombie (D:6)
  4 wights (D:7)
  3 howler monkeys
  2 bombardier beetles (D:6)
  2 bullfrog zombies (D:6)
  4 hounds
  2 jellies
  A gnoll bouda (D:8)
  An orc priest (D:8)
  3 sleepcaps
  6 iguanas
  7 orc wizards
  A howler monkey zombie (D:6)
  4 gnolls (D:8)
  A river rat (D:3)
  11 adders
  A shadow imp (D:8)
  4 ribbon worms
  4 dart slugs
  26 orcs
  8 endoplasms
  3 giant cockroaches
  4 goblins
  9 hobgoblins
  10 kobolds
  2 quokkas
  3 ball pythons
  6 bats
  6 frilled lizards
  6 rats
171 creatures vanquished.

Notes
Turn   | Place    | Note
-------+----------+-------------------------------------------
     0 | D:1      | nitefall the Minotaur Berserker began the quest for the
                  | Orb.
     0 | D:1      | Reached XP level 1. HP: 19/19 MP: 0/0
   158 | D:1      | Reached XP level 2. HP: 22/27 MP: 1/1
   968 | D:2      | Reached ** piety under Trog
   969 | D:2      | Reached skill level 1 in Shields
   997 | D:2      | Reached skill level 4 in Axes
  1000 | D:2      | Reached XP level 3. HP: 33/33 MP: 2/2
  1356 | D:2      | Reached XP level 4. HP: 30/40 MP: 3/3
  1873 | D:3      | Found a glowing drain.
  1882 | Sewer    | Entered a sewer
  1908 | Sewer    | Noticed a brain worm
  1911 | Sewer    | Killed a brain worm
  1912 | Sewer    | Reached XP level 5. HP: 42/47 MP: 2/4
  2024 | Sewer    | Noticed Pargi
  2046 | Sewer    | Killed Pargi
  2047 | Sewer    | Reached XP level 6. HP: 42/55 MP: 5/5
  2106 | Sewer    | Reached skill level 5 in Fighting
  2106 | Sewer    | Reached skill level 5 in Axes
  2269 | D:3      | Identified the +1 plate armour "Renil" {Regen+ rCorr Int+2
                  | Stlth-}
  2487 | D:3      | Found a sacrificial altar of Ru.
  2865 | D:4      | Found Dulewkuy's Magic Scroll Emporium.
  2874 | D:4      | Bought a scroll of revelation for 90 gold pieces
  2874 | D:4      | Bought a scroll of blinking for 90 gold pieces
  2874 | D:4      | Bought a scroll of identify for 24 gold pieces
  2941 | D:4      | Found a sparkling altar of Nemelex Xobeh.
  3027 | D:4      | Found a blossoming altar of Fedhas.
  3028 | D:4      | Found a snail-covered altar of Cheibriados.
  3174 | D:4      | Reached *** piety under Trog
  3175 | D:4      | Reached XP level 7. HP: 61/61 MP: 6/6
  3361 | D:5      | Entered Level 5 of the Dungeon
  3366 | D:5      | Noticed a shadow
  3381 | D:5      | Reached skill level 5 in Armour
  3390 | D:5      | Killed a shadow
  3391 | D:5      | Reached skill level 6 in Axes
  3392 | D:5      | Reached XP level 8. HP: 34/70 MP: 7/7
  3401 | D:5      | Reached skill level 5 in Dodging
  3438 | D:5      | Found a bloodstained altar of Trog.
  3655 | D:5      | Found a burning altar of Makhleb.
  3739 | D:5      | Found a glowing silver altar of Zin.
  3740 | D:5      | Noticed an angel
  3740 | D:5      | Noticed a blizzard demon
  3817 | D:5      | Found a hide-covered altar of Uskayaw.
  3928 | D:6      | Reached skill level 5 in Shields
  3973 | D:6      | Noticed Maggie
  3997 | D:6      | Killed Maggie
  3998 | D:6      | Reached skill level 7 in Axes
  4069 | D:6      | Reached XP level 9. HP: 79/79 MP: 8/8
  4078 | D:6      | Found a basalt altar of Yredelemnul.
  4318 | D:7      | Found Wifoler's Weapon Emporium.
  4387 | D:7      | Found a staircase to the Ecumenical Temple.
  4495 | D:7      | Noticed Pikel
  4502 | D:7      | Killed Pikel
  4508 | D:7      | Reached skill level 8 in Axes
  4509 | D:7      | Reached **** piety under Trog
  4531 | D:7      | Found Manox's Antique Weapon Boutique.
  4559 | D:7      | Found Senlar's General Store.
  4563 | D:7      | Bought a scroll of butterflies for 40 gold pieces
  4563 | D:7      | Bought a scroll of teleportation for 30 gold pieces
  4563 | D:7      | Bought a scroll of enchant weapon for 75 gold pieces
  5087 | D:8      | Noticed Jeremiah
  5185 | D:8      | Killed Jeremiah
  5267 | D:8      | Reached XP level 10. HP: 88/88 MP: 9/9
  5572 | D:8      | Reached skill level 9 in Axes
  5620 | D:8      | HP: 1/132 [komodo dragon (13)]
  5621 | D:8      | Mangled by a komodo dragon

Illustrated notes

Levels and vault maps discovered:
D:1:      matt_arrival_grand_opening, layout_basic, minmay_cut_off
D:2:      layout_loops_cross, minmay_tripent
D:3:      layout_basic, nicolae_ru_path_of_blood, lightli_sewer_entry_pipes
D:4:      layout_loops_ring, lemuel_tele_altar,
          gammafunk_temple_overflow_statue, serial_shops, shop
D:5:      layout_cave_pools, grunt_temple_overflow_order_and_chaos_2,
          trog_three_pillars_becter, nicolae_uskayaw_suspiria
D:6:      layout_rooms, nicolae_yredelemnul_corpse_copse, uniq_maggie
D:7:      layout_loops_ring, minmay_temple_entry_stoned_glass, serial_shops,
          nicolae_shop_back_alley_shop, shop, nicolae_shop_scrapyard,
          minmay_misc_feat_five, uniq_pikel
D:8:      layout_cave_pools, erik_lair_dragon, minmay_strange_pillars,
          nicolae_elevator_lobby_asterisk, uniq_jeremiah

Skill      XL: |  1  2  3  4  5  6  7  8  9 10 |
---------------+-------------------------------+-----
Shields        | 1 2 3 4 6 7 8 |  8.0
Fighting       | 4 5 6 7 8 |  8.0
Axes           | 4 5 6 7 8 9 |  9.5
Armour         | 3 4 5 6 8 |  8.0
Dodging        | 3 4 6 7 8 |  8.0

Action                     |  1- 3 |  4- 6 |  7- 9 | 10-12 || total
---------------------------+-------+-------+-------+-------++-------
  Melee: Hand axe          |    91 |   161 |    80 |       ||   332
         Headbutt          |     8 |    21 |    67 |     5 ||   101
         Punch             |     1 |       |       |       ||     1
         War axe           |       |       |   194 |       ||   194
         Broad axe         |       |       |       |    16 ||    16
  Throw: Dart              |       |       |     3 |       ||     3
 Invoke: Trog's Hand       |       |       |     6 |       ||     6
         Berserk           |       |       |     1 |     1 ||     2
    Use: Scroll            |       |     1 |     5 |       ||     6
 Armour: Animal skin       |    14 |       |       |       ||    14
         Ring mail         |    23 |    46 |       |       ||    69
         Plate armour      |       |    50 |   201 |    28 ||   279
  Dodge: Dodged            |    31 |    76 |    76 |     8 ||   191
  Block: Kite shield       |    37 |    75 |   134 |    12 ||   258
